 Dungeon Crawl Stone Soup version 0.27.0-1-g7a089689b8 (webtiles) character file.

Game seed: 16044077589184567444

123786 Armakuni the Fencer (level 17, -13/199 HPs)
             Began as a Human Delver on Aug 8, 2021.
             Was an Initiate of Gozag.
             Mangled by an Ice Fiend (15 damage)
             ... in an ice cave on Aug 9, 2021.
             The game lasted 01:23:28 (28618 turns).

Armakuni the Fencer (Human Delver)                 Turns: 28618, Time: 01:23:29

Health: -13/199    AC: 24    Str: 24    XL:     17   Next: 46%
Magic:  22/23      EV: 14    Int: 14    God:    Gozag
Gold:   796        SH:  5    Dex: 17    Spells: 17/24 levels left

rFire    + . .     SeeInvis .   b - +3 double sword (holy)
rCold    + . .     Faith    .   y - +0 buckler
rNeg     . . .     Spirit   .   O - +2 chain mail {rC+}
rPois    .         Reflect  .   n - +2 helmet {Int+3}
rElec    .         Harm     .   v - scarf {+Inv}
rCorr    .         Rampage  +   A - +2 pair of gloves {Dex+3}
Will     +++..                  r - +0 pair of boots
Stlth    ..........             R - amulet of Kinow {Rampage Fragile rF+ Will+ Regen+}
HPRegen  1.43/turn              W - ring of willpower
MPRegen  0.18/turn              V - +6 ring of strength

@: berserking (expiring), gold aura, studying 3 skills, very quick
A: iridescent scales 1, weak 1
a: Renounce Religion, Evoke Invisibility, Potion Petition, Call Merchant, Bribe
Branch


You were in an ice cave.
You worshipped Gozag.
Gozag was pleased with you.
You visited 5 branches of the dungeon, and saw 25 of its levels.
You also visited: Gauntlet and Ice Cave.

You collected 8141 gold pieces.
You spent 5849 gold pieces at shops.
You paid 1496 gold pieces to Gozag.

Inventory:

Hand Weapons
 a - the +9 sword of Zonguldrok {reap}
   (You bought it in a shop on level 2 of the Orcish Mines)

   Any living foe damaged by it may be reanimated upon death as a zombie
   friendly to the wielder, with an increasing chance as more damage is dealt.
 b - a +3 double sword of holy wrath (weapon)
 f - a +5 long sword of flaming
Missiles
 g - 94 poisoned darts
 C - 15 javelins
 D - 22 boomerangs (quivered)
 L - 6 curare-tipped darts
Armour
 n - a +2 helmet of intelligence (worn)
 r - a +0 pair of boots (worn)
 v - a scarf of invisibility (worn)
 y - a +0 buckler (worn)
 A - a +2 pair of gloves of dexterity (worn)
 E - a +8 chain mail of poison resistance
 O - a +2 chain mail of cold resistance (worn)
Jewellery
 l - a ring of protection from fire
 I - a ring of see invisible
 R - the amulet of Kinow (around neck) {Rampage Fragile rF+ Will+ Regen+}
   (You acquired it on level 1 of the Lair of Beasts)

   [amulet of regeneration]

   rF:        It protects you from fire.
   Regen:     It increases your rate of health regeneration.
   Fragile:   It will be destroyed if unequipped.
   Rampage:   It bestows one free step when moving towards enemies.
   Will:      It increases your willpower.
 V - a +6 ring of strength (right hand)
 W - a ring of willpower (left hand)
Wands
 i - a wand of polymorph (14)
 k - a wand of digging (14)
Scrolls
 c - 3 scrolls of fog
 d - 3 scrolls of magic mapping
 e - 2 scrolls of silence
 o - a scroll of holy word
 s - 6 scrolls of blinking
 w - 3 scrolls of fear
 x - 2 scrolls of noise
 z - a scroll of teleportation
 B - a scroll of immolation
 F - 2 scrolls of summoning
 H - 7 scrolls of identify
Potions
 h - a potion of resistance
 j - a potion of cancellation
 p - 2 potions of invisibility
 q - 2 potions of attraction
 t - a potion of heal wounds
 u - 8 potions of curing
 J - a potion of lignification
 K - a potion of haste
 M - 2 potions of magic
Miscellaneous
 m - a phantom mirror
 N - a condenser vane


   Skills:
 - Level 12.0 Fighting
 - Level 16.0 Long Blades
 - Level 10.4 Throwing
 - Level 11.0 Armour
 - Level 10.3 Dodging
 - Level 5.0 Stealth
 - Level 4.0 Shields
 + Level 4.1 Spellcasting
 + Level 4.5 Necromancy
 - Level 10.0 Evocations


You had 17 spell levels left.
You knew the following spells:

 Your Spells              Type           Power      Damage    Failure   Level
d - Dispel Undead         Necr           15%        3d10      82%         4
p - Portal Projectile     Hex/Tloc       4%         N/A       96%         3

Your spell library contained the following spells:

 Spells                   Type           Power      Damage    Failure   Level
 Summon Small Mammal      Summ           8%         N/A       67%         1
 Ensorcelled Hibernation  Hex/Ice        4%         N/A       82%         2
 Static Discharge         Conj/Air       2%         N/A       82%         2
 Call Canine Familiar     Summ           2%         N/A       96%         3
 Conjure Flame            Conj/Fire      2%         6-21      96%         3
 Dazzling Flash           Conj/Hex       4%         N/A       96%         3
 Ignite Poison            Fire/Tmut/Pois 2%         N/A       96%         3
 Spider Form              Tmut/Pois      1%         N/A       96%         3
 Summon Guardian Golem    Hex/Summ       2%         N/A       96%         3
 Airstrike                Air            1%         N/A       100%        4
 Fulminant Prism          Conj/Hex       1%         3d6       100%        4
 Iskenderun's Mystic Bla  Conj/Tloc      2%         2d3       100%        4
 Olgreb's Toxic Radiance  Pois           2%         N/A       100%        4
 Passage of Golubria      Tloc           N/A        N/A       100%        4
 Petrify                  Tmut/Erth      2%         N/A       100%        4
 Sticky Flame             Conj/Fire      2%         2d3       100%        4
 Summon Lightning Spire   Summ/Air       2%         N/A       100%        4
 Fireball                 Conj/Fire      1%         3d3       100%        5
 Iskenderun's Battlesphe  Conj           2%         2d6       100%        5
 Lee's Rapid Deconstruct  Erth           1%         3d5*      100%        5
 Lightning Bolt           Conj/Air       1%         1d12      100%        5
 Metabolic Englaciation   Hex/Ice        1%         N/A       100%        5
 Silence                  Hex/Air        1%         N/A       100%        5
 Conjure Ball Lightning   Conj/Air       1%         3x3d6     100%        6
 Shadow Creatures         Summ           N/A        N/A       100%        6
 Starburst                Conj/Fire      1%         8x6d3     100%        6
 Statue Form              Tmut/Erth      1%         N/A       100%        6
 Orb of Destruction       Conj           1%         N/A       100%        7
 Ozocubu's Refrigeration  Ice            1%         4d5       100%        7
 Storm Form               Tmut/Air       1%         N/A       100%        7
 Disjunction              Tloc           1%         N/A       100%        8
 Ignition                 Fire           1%         3d3       100%        8
 Lehudib's Crystal Spear  Conj/Erth      1%         10d2      100%        8
 Maxwell's Capacitive Co  Air            1%         ∞         100%        8
 Polar Vortex             Ice            1%         N/A       100%        9


Dungeon Overview and Level Annotations

Branches:
Dungeon (15/15)            Temple (1/1) D:7            Lair (6/6) D:10
 Shoals (0/4) Lair:3        Snake (1/4) Lair:2        Slime (0/5) Lair:5
    Orc (2/2) D:11            Elf (0/3) Orc:2        Vaults (0/5) D:13
 Depths (0/5) D:15          IceCv (1/1)             Gauntlet (visited)

Altars:
Ashenzari
Cheibriados
Dithmenos
Elyvilon
Fedhas
Gozag
Hepliaklqana
Kikubaaqudgha
Makhleb
Nemelex Xobeh
Okawaru
Qazlal
Ru
Sif Muna
Trog
Uskayaw
Vehumet
Wu Jian
Xom
Yredelemnul
Zin
The Shining One
Jiyva

Shops:
D:8 (=   D:11 ??[   Orc:2 ([*:

Portals:
Trove: D:13 (give 13 potions of heal wounds)

Annotations:
D:15 Giaff's ghost, journeyman DsGl
Lair:6 exclusion: 2 oklob plants
Orc:1 2 transporters, flestrin's ghost, journeyman DDNe


Innate Abilities, Weirdness & Mutations

You are partially covered in iridescent scales. (AC +2)
You are weak. (Str -2)


Message History

You hit the Ice Fiend but do no damage.
The Ice Fiend is almost dead.
You barely miss the Ice Fiend.
The Ice Fiend is almost dead.
The Ice Fiend calls on the powers of darkness!
Your body is wracked with pain!
* * * LOW HITPOINT WARNING * * *
You barely miss the Ice Fiend.
The Ice Fiend is almost dead.
The Ice Fiend claws you but does no damage.
The Ice Fiend closely misses you.
You hit the Ice Fiend.
The Ice Fiend convulses.
The Ice Fiend is almost dead.
The Ice Fiend claws you but does no damage. x2
You slice the Ice Fiend!!
You kill the Ice Fiend!
The Ice Fiend claws you but does no damage.
The Ice Fiend claws you!
* * * LOW HITPOINT WARNING * * *
The Ice Fiend freezes you! You resist.
* * * LOW HITPOINT WARNING * * *
Your phantom mirror has recharged.
Your Spellcasting skill increases to level 4!
Your Necromancy skill increases to level 4!
You slice the Ice Fiend!!
The Ice Fiend convulses!!
The Ice Fiend is heavily wounded.
You hit the Ice Fiend.
The Ice Fiend convulses.
The Ice Fiend is heavily wounded.
The Ice Fiend is distracted by your dazzling golden aura.
The Ice Fiend roars!
You hit the Ice Fiend.
The Ice Fiend convulses.
The Ice Fiend is no longer distracted by gold.
The Ice Fiend is heavily wounded.
You slash the Ice Fiend!
The Ice Fiend convulses!
The Ice Fiend is severely wounded.
The Ice Fiend claws you.
* * * LOW HITPOINT WARNING * * *
The Ice Fiend freezes you! You resist.
You die...
Your body crumbles into a pile of gold.

#.# +.......+
#'######+######+#
#...............#
####8.#####.8####
##.#!. #.## #.#?⌠
#.# #.#$? #.#
#.##1##.#
#...$@..#
####⌠#### ##


You could see an Ice Fiend.

Vanquished Creatures
  Rupert (Lair:5)
  An Ice Fiend (IceCv)
  The ghost of Ekhuk the Warrior, an adept FoHu of Okawaru (D:15)
  Agnes (D:15)
  Donald (Orc:2)
  An orc warlord (Orc:1)
  Azrael (D:15)
  Nessos (Orc:2)
  A minotaur (Gauntlet)
  Snorg (D:11)
  Josephine (Orc:2)
  An ettin (D:15)
  A blizzard demon (Gauntlet)
  A rakshasa (D:13)
  The ghost of UnknownFlame the Cleaver, a journeyman MiFi of Okawaru (Lair:2)
  Harold (D:10)
  4 boulder beetles
  4 centaur warriors
  A catoblepas (D:14)
  3 hydras
  3 two-headed ogres
  A death knight (D:14)
  3 tengu warriors
  An anaconda (Snake:1)
  3 orc high priests
  Sonja (Orc:2)
  A fire crab (D:15)
  A hell knight (D:15)
  4 sixfirhies (Gauntlet)
  A sea snake (Lair:6)
  A lindwurm (Lair:5)
  2 orc knights
  2 wizards (D:15)
  2 deep elf pyromancers
  2 obsidian statues (IceCv)
  A necromancer (D:15)
  A wolf spider (D:12)
  2 harpies (Lair:6)
  3 orc sorcerers (Orc:2)
  A manticore (D:15)
  8 ugly things
  An orb spider (shapeshifter) (D:15)
  5 cyclopes
  A spectral boulder beetle (Lair:2)
  A naga mage (D:12)
  6 elephants
  A torpor snail (Lair:3)
  An unseen horror (D:12)
  9 cane toads
  6 black mambas
  A gargoyle (D:12)
  2 rime drakes
  3 kobold demonologists
  12 komodo dragons
  2 yaktaurs (D:15)
  An entropy weaver simulacrum (IceCv)
  An ice devil (Gauntlet)
  7 freezing wraiths
  A troll (D:11)
  6 polar bears
  A hornet (D:9)
  A wind drake (Lair:6)
  20 slime creatures
  8 blink frogs
  A meliai zombie (D:11)
  2 snapping turtles (Lair:6)
  7 dream sheep (Lair:5)
  Sigmund (D:6)
  54 yaks
  3 basilisks
  6 wraiths
  10 wyverns
  A minotaur simulacrum (IceCv)
  3 fire elementals (D:15)
  3 steam dragons
  Grum (D:10)
  Menkaure (D:6)
  6 nagas (Lair:2)
  3 acid dragons
  3 wargs (Orc:2)
  3 hydra simulacra
  12 water moccasins
  3 hell hounds (D:15)
  3 ice beasts
  3 black bears
  A meliai simulacrum (D:15)
  An ettin simulacrum (IceCv)
  32 orc warriors
  A boulder beetle simulacrum (Lair:2)
  A black mamba simulacrum (Lair:2)
  5 ogres
  A sky beast (D:7)
  An alligator simulacrum (IceCv)
  6 wolves
  11 centaurs
  2 phantoms
  2 kobold brigands
  Blork the orc (D:5)
  2 gnoll sergeants (D:9)
  2 wyvern zombies (D:7)
  17 bullfrogs
  2 scorpions
  10 killer bees
  A lindwurm simulacrum (IceCv)
  11 wights
  3 electric eels
  7 howler monkeys
  3 centaur zombies
  A hound (D:7)
  A komodo dragon simulacrum (Lair:2)
  11 jellies
  3 centaur skeletons (D:7)
  19 orc priests
  2 gnoll shamans
  A bullfrog skeleton (D:5)
  4 iguanas
  18 orc wizards
  A hound zombie (D:5)
  A howler monkey zombie (D:7)
  19 gnolls
  9 adders
  A river rat (D:4)
  A shadow imp (D:7)
  5 white imps
  2 ufetubi
  An adder skeleton (D:4)
  3 worms (D:2)
  3 dart slugs
  61 orcs
  6 bats
  16 endoplasms
  2 giant cockroaches
  3 goblins
  5 hobgoblins
  3 jackals (D:3)
  A quokka (D:2)
  5 ball pythons
  6 frilled lizards
  27 kobolds
  8 rats
  A spectral orc (D:5)
671 creatures vanquished.

Vanquished Creatures (collateral kills)
  2 orc knights (Orc:2)
  A wraith (D:14)
3 creatures vanquished.

Vanquished Creatures (others)
  A two-headed ogre (D:12)
  2 dancing weapons (D:13)
  24 demonic plants (Gauntlet)
  47 fungi
  89 plants
163 creatures vanquished.

Grand Total: 837 creatures vanquished

Notes
Turn   | Place    | Note
-------+----------+-------------------------------------------
     0 | D:5      | Armakuni the Human Delver began the quest for the Orb.
     0 | D:5      | Reached XP level 1. HP: 18/18 MP: 1/1
    85 | D:4      | Noticed an iguana
   524 | D:1      | Reached XP level 2. HP: 12/24 MP: 2/2
  1036 | D:1      | Found a faded altar of an unknown god.
  1080 | D:1      | Reached XP level 3. HP: 29/29 MP: 3/3
  1456 | D:1      | Reached skill level 1 in Armour
  2330 | D:2      | Reached XP level 4. HP: 32/37 MP: 4/4
  2335 | D:2      | Reached skill level 3 in Long Blades
  2337 | D:2      | Gained mutation: You are weak. (Str -2) [potion of
                  | mutation]
  2804 | D:2      | Reached XP level 5. HP: 36/42 MP: 5/5
  3923 | D:4      | Reached skill level 1 in Throwing
  4001 | D:4      | Reached XP level 6. HP: 21/49 MP: 6/6
  4160 | D:4      | Found a snail-covered altar of Cheibriados.
  4361 | D:4      | Found a shimmering altar of Xom.
  4697 | D:4      | Reached skill level 4 in Long Blades
  4827 | D:4      | Reached XP level 7. HP: 54/55 MP: 7/7
  5633 | D:5      | Reached skill level 5 in Fighting
  5859 | D:5      | Found an opulent altar of Gozag.
  5867 | D:5      | Became a worshipper of Gozag Ym Sagoz the Greedy
  5930 | D:5      | Found a glowing silver altar of Zin.
  6399 | D:5      | Reached XP level 8. HP: 47/62 MP: 8/8
  6619 | D:5      | Found a basalt altar of Yredelemnul.
  6646 | D:6      | Noticed Menkaure
  6716 | D:6      | Noticed a wraith
  6716 | D:6      | Noticed a wyvern
  6726 | D:5      | Killed a wyvern
  6727 | D:5      | Reached skill level 5 in Long Blades
  6873 | D:5      | Killed a wraith
  7162 | D:6      | Found a white marble altar of Elyvilon.
  7351 | D:6      | Reached skill level 5 in Armour
  7371 | D:6      | Reached XP level 9. HP: 69/69 MP: 9/9
  7391 | D:6      | Noticed Blork the orc
  7512 | D:6      | Noticed Sigmund
  7605 | D:6      | Reached skill level 6 in Long Blades
  7625 | D:6      | Found an ornate altar of the Wu Jian Council.
  8055 | D:6      | Reached skill level 5 in Throwing
  8212 | D:6      | Killed Sigmund
  8464 | D:6      | Found an iron altar of Okawaru.
  8553 | D:6      | Killed Menkaure
  8914 | D:5      | Reached skill level 7 in Long Blades
  8918 | D:5      | HP: 3/66 [poisoned by a water moccasin]
  8920 | D:5      | HP: 1/66 [poisoned by a water moccasin]
  9276 | D:5      | Killed Blork the orc
  9627 | D:6      | Found a sacrificial altar of Ru.
  9907 | D:7      | Found a hide-covered altar of Uskayaw.
 10160 | D:7      | Reached XP level 10. HP: 71/80 MP: 10/10
 10234 | D:7      | Identified the +1 scale mail of Defence {+Inv Regen+ Int-3}
 10247 | D:7      | Reached skill level 8 in Long Blades
 10293 | D:7      | Found an iron altar of Okawaru.
 10295 | D:7      | Found a blossoming altar of Fedhas.
 10458 | D:7      | Found a bloodstained altar of Trog.
 10464 | D:7      | Found a burning altar of Makhleb.
 10530 | D:7      | Found a staircase to the Ecumenical Temple.
 10546 | Temple   | Entered the Ecumenical Temple
 10686 | D:7      | Found a shadowy altar of Dithmenos.
 10698 | D:7      | Found a stormy altar of Qazlal.
 10886 | D:7      | Found a hazy altar of Hepliaklqana.
 11870 | D:8      | Reached skill level 9 in Long Blades
 12538 | D:9      | Reached XP level 11. HP: 81/90 MP: 11/11
 12646 | D:9      | Reached skill level 10 in Fighting
 12657 | D:9      | Reached skill level 5 in Dodging
 12719 | D:9      | Noticed a two-headed ogre
 12733 | D:9      | Killed a two-headed ogre
 12734 | D:9      | Reached skill level 10 in Long Blades
 13042 | D:9      | Reached skill level 11 in Long Blades
 13228 | D:10     | Entered Level 10 of the Dungeon
 13329 | D:10     | Noticed Grum
 13356 | D:10     | Killed Grum
 13434 | D:10     | Found a staircase to the Lair.
 13589 | D:8      | Bought a masterwork rapier for 297 gold pieces
 13589 | D:8      | Identified the +5 rapier of Calamity {vorpal, rN++ Int+4
                  | Stlth-} (You bought it in a shop on level 8 of the Dungeon)
 13786 | D:10     | Identified the +2 robe of the Nexus {rC+ Int+4}
 13853 | D:10     | Reached skill level 12 in Long Blades
 13970 | D:10     | Noticed Harold
 14024 | D:10     | Killed Harold
 14042 | D:10     | Reached XP level 12. HP: 97/97 MP: 12/12
 14422 | Lair:1   | Entered Level 1 of the Lair of Beasts
 14511 | Lair:1   | Reached skill level 13 in Long Blades
 15492 | Lair:2   | Found a runed translucent gate.
 15492 | Lair:2   | Found a runed translucent gate.
 15510 | Lair:2   | Found a runed translucent gate.
 15517 | Lair:2   | Noticed UnknownFlame's ghost (journeyman MiFi)
 15534 | Lair:2   | Reached skill level 1 in Shields
 15539 | Lair:2   | Killed UnknownFlame's ghost
 16104 | Lair:2   | Noticed a seven-headed hydra
 16120 | Lair:2   | Killed a one-headed hydra
 16121 | Lair:2   | Reached skill level 1 in Evocations
 16256 | Lair:2   | Reached skill level 14 in Long Blades
 16484 | Lair:1   | Identified a scroll of acquirement
 16484 | Lair:1   | Acquired the amulet of Kinow {Rampage Fragile rF+ Will+
                  | Regen+}
 16574 | Lair:2   | Found a staircase to the Snake Pit.
 16988 | Lair:3   | Noticed a four-headed hydra
 17014 | Lair:3   | Killed a one-headed hydra
 17019 | Lair:3   | Reached XP level 13. HP: 103/103 MP: 13/13
 17081 | Lair:3   | Found a staircase to the Shoals.
 17135 | Lair:3   | Found a gate leading to a gauntlet.
 17166 | Gauntlet | Entered a Gauntlet
 17166 | Gauntlet | Found a transporter.
 17166 | Gauntlet | Found a transporter.
 17170 | Gauntlet | Found a transporter.
 17170 | Gauntlet | Found a transporter.
 17184 | Gauntlet | Found a transporter.
 17194 | Gauntlet | Found a transporter.
 17204 | Gauntlet | Found a transporter.
 17204 | Gauntlet | Found a transporter.
 17204 | Gauntlet | Noticed a quicksilver ooze
 17204 | Gauntlet | Noticed a blizzard demon
 17224 | Gauntlet | Found a transporter.
 17227 | Gauntlet | Found a transporter.
 17239 | Gauntlet | Found a transporter.
 17259 | Gauntlet | Found a transporter.
 17292 | Gauntlet | Found a transporter.
 17308 | Gauntlet | Found a transporter.
 17408 | Gauntlet | Found a transporter.
 17424 | Gauntlet | Found a transporter.
 17576 | Gauntlet | Identified the ring "Lofyseugito" {Ice Int+4 Stlth+}
 17624 | Gauntlet | Killed a blizzard demon
 17642 | Gauntlet | Got the Almanac of Congealing Translocation
 17708 | Gauntlet | Identified the +1 plate armour of Qouschaith {Int+3}
 17708 | Gauntlet | Noticed a minotaur
 17726 | Gauntlet | Killed a minotaur
 17737 | Gauntlet | Identified the +5 mace "Xar Bydi" {speed, Will+}
 18480 | Lair:4   | Found a radiant altar of Vehumet.
 18509 | Lair:4   | Noticed a five-headed hydra
 18557 | Lair:4   | Killed a one-headed hydra
 19623 | Lair:5   | Reached XP level 14. HP: 105/110 MP: 14/14
 19756 | Lair:5   | You fall into a shaft and drop 1 floor!
 19756 | Lair:6   | Entered Level 6 of the Lair of Beasts
 20499 | Lair:6   | Identified the +6 scimitar of Sunlight {speed, Dex+4}
 20505 | Lair:6   | Identified the +6 trident of the Ancient Continents
                  | {protect, +Blink rElec rN+}
 20506 | Lair:6   | Identified the +6 scale mail of the Other World {Str+3}
 20686 | Lair:6   | Reached skill level 10 in Throwing
 20840 | Lair:5   | Noticed Rupert
 20870 | Lair:5   | Killed Rupert
 20902 | Lair:5   | Reached skill level 10 in Armour
 20902 | Lair:5   | Reached skill level 10 in Dodging
 20902 | Lair:5   | Reached XP level 15. HP: 117/117 MP: 15/15
 21466 | Lair:5   | Found a viscous altar of Jiyva.
 21466 | Lair:5   | Found a staircase to the Slime Pits.
 21693 | D:11     | Found Ugedisubb's Antique Armour Shop.
 21913 | D:11     | Found a staircase to the Orcish Mines.
 21920 | D:11     | Noticed Snorg
 21939 | D:11     | Killed Snorg
 21957 | D:11     | Found Ycvetux's Magic Scroll Boutique.
 21986 | D:11     | Bought a scroll of acquirement for 728 gold pieces
 21988 | D:11     | Acquired 912 gold pieces
 22344 | D:11     | Reached skill level 5 in Evocations
 22477 | D:11     | Found Reuwyi's Magic Scroll Emporium.
 22480 | D:11     | Bought a scroll of blinking for 82 gold pieces
 22480 | D:11     | Bought a scroll of blinking for 82 gold pieces
 22480 | D:11     | Bought a scroll of fear for 38 gold pieces
 22480 | D:11     | Bought a scroll of enchant armour for 82 gold pieces
 22567 | Orc:1    | Entered Level 1 of the Orcish Mines
 22985 | Orc:1    | Found a transporter.
 23079 | Orc:1    | Found a transporter.
 23084 | Orc:1    | Noticed flestrin's ghost (journeyman DDNe)
 23086 | Orc:1    | Noticed an orc warlord
 23111 | Orc:1    | Found a one-way gate to the infinite horrors of the Abyss.
 23193 | Orc:2    | Entered Level 2 of the Orcish Mines
 23194 | Orc:2    | Noticed Nessos
 23199 | Orc:2    | Killed Nessos
 23252 | Orc:2    | Noticed Josephine
 23307 | Orc:2    | Reached XP level 16. HP: 126/126 MP: 16/16
 23321 | Orc:2    | Killed Josephine
 23358 | Orc:2    | Noticed Donald
 23367 | Orc:2    | Killed Donald
 23784 | Orc:2    | Found Hyro's Book Shop.
 23881 | Orc:2    | Noticed Sonja
 23883 | Orc:2    | Killed Sonja
 23934 | Orc:2    | Found Heotor's General Store.
 24285 | Orc:2    | Found Ompy's Antique Armour Shop.
 24326 | Orc:2    | Found Juur's Antique Weapon Shop.
 24401 | Orc:2    | Found a staircase to the Elven Halls.
 24563 | Orc:2    | Bought a faintly glowing plate armour for 504 gold pieces
 24563 | Orc:2    | Identified the +0 plate armour "Pont" {Harm Str+3 Int+2}
                  | (You bought it in a shop on level 2 of the Orcish Mines)
 24566 | Orc:2    | Bought a faintly humming plate armour for 504 gold pieces
 24566 | Orc:2    | Identified the +0 plate armour "Ytoaggel" {rC+ Dex+2
                  | Stlth+} (You bought it in a shop on level 2 of the Orcish
                  | Mines)
 24590 | Orc:2    | Bought the +9 sword of Zonguldrok {reap} for 2960 gold
                  | pieces
 24590 | Orc:2    | Found the +9 sword of Zonguldrok {reap}
 24928 | D:12     | Reached skill level 10 in Evocations
 25447 | D:12     | Acquired a manual of Spellcasting
 25842 | D:13     | Found a portal to a secret trove of treasure.
 25929 | D:13     | Gained mutation: Armour fits poorly on your strangely
                  | shaped body. [a neqoxec]
 26028 | D:13     | Reached skill level 15 in Long Blades
 26089 | D:13     | Found a gate to the Vaults.
 26803 | D:15     | Entered Level 15 of the Dungeon
 26899 | D:15     | Found a runed translucent gate.
 26900 | D:15     | Found a runed translucent gate.
 26900 | D:15     | Found a runed translucent gate.
 26901 | D:15     | Noticed Ekhuk's ghost (adept FoHu)
 26903 | D:15     | Noticed Giaff's ghost (journeyman DsGl)
 26936 | D:15     | Noticed Azrael
 26949 | D:15     | Killed Azrael
 27036 | D:15     | Reached skill level 16 in Long Blades
 27040 | D:15     | Reached XP level 17. HP: 90/131 MP: 17/17
 27097 | D:15     | Lost mutation: Armour fits poorly on your strangely shaped
                  | body. [potion of mutation]
 27097 | D:15     | Lost mutation: You are weak. (Str -2) [potion of mutation]
 27097 | D:15     | Gained mutation: You are weak. (Str -2) [potion of
                  | mutation]
 27097 | D:15     | Gained mutation: You are partially covered in iridescent
                  | scales. (AC +2) [potion of mutation]
 27279 | D:15     | Noticed Agnes
 27287 | D:15     | Killed Agnes
 27385 | D:15     | Found a staircase to the Depths.
 27616 | D:15     | Killed Ekhuk's ghost
 27939 | Orc:2    | Bought an Everburning Encyclopedia for 286 gold pieces
 27939 | Orc:2    | Bought a book of Touch for 286 gold pieces
 27945 | Orc:2    | Learned a level 4 spell: Dispel Undead
 27949 | Orc:2    | Learned a level 3 spell: Portal Projectile
 28109 | Snake:1  | Entered Level 1 of the Snake Pit
 28116 | Snake:1  | Reached skill level 1 in Spellcasting
 28116 | Snake:1  | Reached skill level 1 in Necromancy
 28243 | Snake:1  | Found a frozen archway.
 28276 | IceCv    | Entered an ice cave
 28601 | IceCv    | Noticed an Ice Fiend
 28601 | IceCv    | Noticed an Ice Fiend
 28614 | IceCv    | Killed an Ice Fiend
 28614 | IceCv    | HP: 1/199 [Ice Fiend (10)]
 28618 | IceCv    | Mangled by an Ice Fiend

Illustrated notes

Levels and vault maps discovered:
D:1:      evilmike_arrival_rings, layout_basic, basic_ecumenical_altar,
          grunt_decor_one_mirror, lexackson_kobold_supper
D:2:      layout_loops_ring, minmay_misc_feat_doors, minmay_pentomino_q2
D:3:      layout_basic
D:4:      layout_loops_ring, kennysheep_mini_moat,
          mainiacjoe_overflow_boulevard, portal_sewer_entry_a
D:5:      layout_basic, pdpol_temple_overflow_zin_treasury_gozag_greed,
          yredelemnul_forgotten_temple_becter, grunt_ministairs_2
D:6:      layout_rooms, okawaru_ov_weapons_minmay,
          mainiacjoe_overflow_cross_hatched, mainiacjoe_overflow_tiny_flanked,
          kennysheep_little_box, amcnicky_mini_pool_medium, uniq_menkaure,
          uniq_sigmund, uniq_blork_the_orc
D:7:      minmay_the_grid_octo_tiled_squarecenter
          [minmay_the_grid_octo_checkered, minmay_the_grid_octo_fat_diamond,
          minmay_the_grid_octo_shrine, minmay_the_grid_octo_clover,
          minmay_the_grid_square_5x5_megaprize_hollow,
          minmay_the_grid_square_5x5_shrine2,
          minmay_the_grid_square_5x5_inner_i, minmay_the_grid_square_5x5_seven,
          minmay_the_grid_square_5x5_two], layout_cave_pods,
          nicolae_overflow_hidden_temple, amcnicky_altar_gilded,
          nicolae_hepliaklqana_hippocampus, mainiacjoe_overflow_24_doors,
          minmay_temple_entry_mist
D:8:      lemuel_slime, layout_basic
D:9:      layout_big_octagon
D:10:     layout_basic, lair_entry_dummy, minmay_fractal_squares_gapless_5,
          uniq_harold, uniq_grum
D:11:     layout_roguey [special_room_orc], orc_0_dummy, serial_corexii_hall,
          corexii_hall_statues_i, chequers_hall_statues_wall_a, serial_shops,
          kennysheep_mini, shop, nicolae_shop_statue_plus, uniq_snorg
D:12:     layout_long_grid, minmay_librarian
D:13:     layout_rooms, erik_vaults_1, enter_trove_3
D:14:     layout_rooms, kennysheep_cluttered_room
D:15:     hangedman_depths_entry_civil_slaughter, layout_cave_pools,
          small_statue_intersection, gammafunk_ghost_cemetery,
          lightli_corner_chamber, uniq_agnes, uniq_azrael
Temple:   nicolae_temple_figure_zero
Lair:1:   layout_gridlike, chequers_serial_rivers_micro_d
Lair:2:   layout_small_grid, minmay_snake_entry_guardpost_medium,
          gammafunk_ghost_necromancy, gammafunk_lair_bear_cave
Lair:3:   layout_loops_ring, elwin_shoals_entry_rocks, gauntlet_entry_generic
Lair:4:   layout_cellular_growth, basic_altar
Lair:5:   layout_gridlike, dpeg_slime_entry_enclosed_altar, beast_lair_carwin_4,
          uniq_rupert
Lair:6:   gammafunk_lair_ancient_temple, layout_gridlike,
          chequers_serial_rivers_large_b, infiniplex_staircase_pool,
          minmay_lair_oklob_chamber, serial_bayou_shore_b
Snake:1:  layout_misc_corridors, portal_ice_cave_entry_frozen_things
Orc:1:    layout_caves, gammafunk_ghost_abyssal_escape,
          nicolae_orc_flooded_monolith
Orc:2:    grunt_orc_gardens, layout_caves, grunt_orc_garden, grunt_orc_garden,
          grunt_orc_garden, grunt_orc_garden, abandoned_shop, uniq_donald,
          uniq_sonja, uniq_nessos, uniq_josephine
IceCv:    ice_cave_tombish

Skill      XL: |  1  2  3  4  5  6  7  8  9 10 11 12 13 14 15 16 17 |
---------------+----------------------------------------------------+-----
Armour         | 1 2 3 4 5 8 10 11 | 11.0
Long Blades    | 3 4 5 7 9 12 14 16 | 16.0
Fighting       | 4 5 6 8 9 10 11 12 | 12.0
Throwing       | 1 2 3 4 5 6 9 10 | 10.4
Dodging        | 4 5 8 10 | 10.3
Shields        | 4 |  4.0
Evocations     | 2 6 10 | 10.0
Spellcasting   | 4 |  4.1
Necromancy     | 4 |  4.5
Stealth        | |  5.0

Action                   |  1- 3 |  4- 6 |  7- 9 | 10-12 | 13-15 | 16-18 || total
-------------------------+-------+-------+-------+-------+-------+-------++-------
Melee: Falchion          |    65 |       |       |       |       |       ||    65
       Long sword        |    36 |   164 |   297 |   602 |   454 |       ||  1553
       Rapier            |       |       |       |     3 |       |       ||     3
       Scimitar          |       |       |       |       |   484 |   111 ||   595
       Double sword      |       |       |       |       |       |   547 ||   547
Throw: Dart              |       |    10 |    70 |    38 |       |       ||   118
       Boomerang         |       |       |       |     5 |     2 |    88 ||    95
       Javelin           |       |       |       |     5 |       |    13 ||    18
       Throwing net      |       |       |       |       |     7 |       ||     7
Invok: Call Merchant     |       |       |       |     2 |       |       ||     2
Evoke: Wand              |       |       |     1 |    13 |    20 |    16 ||    50
       Phantom mirror    |       |       |       |       |       |     3 ||     3
  Use: Scroll            |     2 |     2 |    10 |     9 |     9 |    10 ||    42
       Potion            |       |     3 |     8 |     5 |    14 |     6 ||    36
 Stab: Sleeping          |     8 |     7 |     1 |     1 |       |       ||    17
       Distracted        |       |       |       |     3 |     8 |     6 ||    17
       Held in net/web   |       |       |       |       |    11 |       ||    11
       Invisible         |       |       |       |       |     3 |     2 ||     5
       Paralysed         |       |       |       |       |       |     3 ||     3
Armor: Leather armour    |    21 |       |       |       |       |       ||    21
       Ring mail         |     3 |    54 |    69 |     3 |       |       ||   129
       Scale mail        |       |       |       |   183 |       |       ||   183
       Chain mail        |       |       |       |     8 |   273 |   263 ||   544
Dodge: Dodged            |    56 |    79 |   136 |   263 |   351 |   276 ||  1161
Block: Other             |     4 |    39 |    80 |    65 |       |       ||   188
       Reflection        |       |     1 |     1 |     5 |       |       ||     7
       Buckler           |       |       |       |    61 |   137 |   127 ||   325
       Rpst.: Falchion   |    17 |       |       |       |       |       ||    17
       Long sword        |     5 |    16 |    45 |    70 |    44 |       ||   180
       Scimitar          |       |       |       |       |    49 |     9 ||    58
       Double sword      |       |       |       |       |       |    56 ||    56
